 Dungeon Crawl Stone Soup version 0.31-a0-931-g7b59d4eb97 (webtiles) character file.

Game seed: 12936313322447370535

1237 LeprechaunX the Changeling (level 8, -1/48 HPs)
             Began as an Octopode Shapeshifter on Oct 19, 2023.
             Was a Follower of Hepliaklqana.
             Slain by an orc
             ... wielding a +0 whip
              (5 damage)
             ... on level 6 of the Dungeon.
             The game lasted 00:06:17 (4545 turns).

LeprechaunX the Changeling (Octopode Shapeshifter)  Turns: 4545, Time: 00:06:18

Health: -1/48      AC:  1    Str: 15    XL:     8   Next: 49%
Magic:  8/8        EV: 18    Int: 12    God:    Hepliaklqana [*.....]
Gold:   369        SH:  0    Dex: 12    Spells: 7/7 levels left

rFire   + .          .
                       - Unarmed
rCold   + . .        B - +0 buckler
rNeg    + . .        (helmet currently unavailable)
rPois   .            G - amulet of regeneration
rElec   .            y - ring of protection from fire
rCorr   .            C - ring of protection from cold
SInv    .            F - +5 ring of evasion
Will    .....        H - ring of positive energy
Stlth   ++           (no ring)
HPRegen 1.08/turn    (no ring)
MPRegen 0.11/turn    (no ring)
                     (no ring)

%: no passive effects
@: confused, beast-form
A: beast (slay +3), reduced essence, almost no armour, amphibious, 8 rings,
camouflage 1, gelatinous body 1, (nimble swimmer 1), tentacles
a: Begin Untransformation, Renounce Religion, Recall Ancestor, Ancestor Identity


You were on level 6 of the Dungeon.
You worshipped Hepliaklqana.
Hepliaklqana was aware of your devotion.
You were a hulking beast.
You visited 2 branches of the dungeon, and saw 7 of its levels.

You collected 369 gold pieces.

Inventory:

Hand Weapons
 a - a +0 sling
Missiles
 D - 3 boomerangs
Armour
 B - a +0 buckler (worn)
Jewellery
 u - an amulet of the acrobat
 y - a ring of protection from fire (left tentacle)
 C - a ring of protection from cold (right tentacle)
 E - an amulet of magic regeneration
 F - a +5 ring of evasion (on tentacle)
 G - an amulet of regeneration (around mantle)
 H - a ring of positive energy (on tentacle)
Talismans
 b - a beast talisman (active)
 c - a flux talisman
 e - a serpent talisman
Wands
 I - a wand of iceblast (6)
Scrolls
 d - 4 scrolls of identify {unknown}
 f - a scroll of revelation {unknown}
 g - a scroll of brand weapon {unknown}
 i - 4 scrolls of teleportation {unknown}
 j - 3 scrolls of noise {unknown}
 k - a scroll of vulnerability {unknown}
 m - a scroll of amnesia {unknown}
 o - a scroll of poison {unknown}
 p - 2 scrolls of fear {unknown}
 q - a scroll of torment {unknown}
 r - a scroll of butterflies {unknown}
 J - a scroll of immolation {unknown}
Potions
 h - 3 potions of enlightenment {unknown}
 l - a potion of brilliance {unknown}
 n - a potion of lignification
 s - 2 potions of haste {unknown}
 t - 3 potions of mutation {unknown}
 v - a potion of might {unknown}
 w - a potion of curing {unknown}
 x - 2 potions of attraction {unknown}
 z - a potion of degeneration {unknown}
 A - 3 potions of heal wounds {unknown}


   Skills:
 + Level 4.0 Fighting
 - Level 3.0 Ranged Weapons
 + Level 4.1 Dodging
 + Level 2.8 Shields
 + Level 4.9 Unarmed Combat
 + Level 0.8 Evocations
 * Level 5.9 Shapeshifting


You had 7 spell levels left.
You didn't know any spells.
Your spell library was empty.

Dungeon Overview and Level Annotations

Branches:
Dungeon (6/15)             Temple (1/1) D:5

Altars:
Ashenzari
Gozag
Hepliaklqana
Makhleb
Nemelex Xobeh
Okawaru
Qazlal
Ru
Trog
Vehumet
Yredelemnul
The Shining One


Innate Abilities, Weirdness & Mutations

You are a hulking beast.
Your limbs bulge with bestial killing power. (Slay +3)
Your life essence is reduced to manifest your ancestor. (-10% HP)
You cannot wear most types of armour.
You are amphibious.
You can wear up to eight rings at the same time.
Your skin changes colour to match your surroundings (Stealth+).
Your rubbery body absorbs attacks. (AC +1, EV +1)
((You are camouflaged when in or above water. (Stealth+)))
You have tentacles for arms and can constrict up to eight enemies at once.


Message History

The orc wizard hits you with a +0 dagger.
You bludgeon the orc wizard! You grab the orc wizard.
You tentacle-slap the orc wizard.
The orc wizard is severely wounded.
You constrict the orc wizard.
Branko hits the orc wizard but does no damage.
The orc wizard barely misses you. You block the orc priest's attack.
The orc hits you but does no damage. The orc hits you with a +0 whip.
You tentacle-slap the orc. Your grab misses the orc.
The orc is almost dead.
You constrict the orc wizard.
Branko hits the orc wizard.
The orc priest begins to cast a cantrip, but forgets the words!
The orc wizard gestures at you while chanting.
You are confused.
The orc priest closely misses you. The orc hits you with a +0 club.
* * * LOW HITPOINT WARNING * * *
The orc completely misses you.
You closely miss Branko. You constrict the orc wizard.
You kill the orc wizard!
The orc priest hits you with a +0 club.
* * * LOW HITPOINT WARNING * * *
The orc barely misses you. The orc hits you with a +0 whip.
* * * LOW HITPOINT WARNING * * *
Your Fighting skill increases to level 4!
Unknown command.
You bludgeon the orc priest!
The orc priest is heavily wounded.
Branko hits the orc.
The orc dies!
The orc priest hits Branko but does no damage.
The orc hits you with a +0 whip.
* * * LOW HITPOINT WARNING * * *
Unknown command.
You miss the orc priest.
The orc priest is heavily wounded.
Branko hits the orc priest but does no damage.
Unknown command.
You're too confused to move!
The orc priest closely misses you. The orc hits you with a +0 whip.
You die...

... ... #... #....
#....#
#.....###########
#.....oR........###
#....oh..?$......######
#....o#######..........
##...# ##......##.
#.... #..####### #....
####.## ....# #.....#
#### #..........#
#...........#
....######...#


You could see the friendly Branko the ancestor, 2 orc priests and an orc.

Vanquished Creatures
  2 water moccasins
  A bullfrog (D:5)
  A scorpion (D:5)
  3 howler monkeys
  A hound (D:5)
  4 jellies
  An orc priest (D:5)
  A sleepcap (D:5)
  A gnoll bouda (D:6)
  6 iguanas
  4 orc wizards
  Natasha (thrice) (D:4)
  4 gnolls (D:6)
  5 adders
  A white imp (D:6)
  2 ufetubi (D:5)
  A worm (D:2)
  4 dart slugs
  20 orcs
  7 endoplasms
  4 giant cockroaches
  9 goblins
  7 hobgoblins
  A jackal (D:2)
  4 quokkas
  10 ball pythons
  4 bats (D:2)
  5 frilled lizards
  7 kobolds
  2 rats (D:2)
125 creatures vanquished.

Vanquished Creatures (collateral kills)
  An orc (D:6)
1 creature vanquished.

Grand Total: 126 creatures vanquished

Notes
Turn   | Place    | Note
-------+----------+-------------------------------------------
     0 | D:1      | LeprechaunX the Octopode Shapeshifter began the quest for
                  | the Orb.
     0 | D:1      | Reached XP level 1. HP: 13/13 MP: 1/1
    75 | D:1      | Reached XP level 2. HP: 15/18 MP: 2/2
   460 | D:1      | Reached XP level 3. HP: 20/23 MP: 3/3
   862 | D:2      | Reached XP level 4. HP: 14/29 MP: 4/4
  2115 | D:4      | Reached skill level 4 in Shapeshifting
  2116 | D:4      | Reached XP level 5. HP: 29/34 MP: 5/5
  2155 | D:4      | Noticed an ogre
  2256 | D:4      | Noticed Natasha
  2261 | D:4      | Killed Natasha
  2262 | D:4      | Reached skill level 1 in Ranged Weapons
  2335 | D:4      | Noticed Natasha
  2342 | D:4      | Killed Natasha
  2343 | D:4      | Reached XP level 6. HP: 33/41 MP: 6/6
  2439 | D:4      | Noticed Natasha
  2446 | D:4      | Killed Natasha
  2835 | D:5      | Entered Level 5 of the Dungeon
  2945 | D:5      | Reached skill level 1 in Shields
  3221 | D:5      | Reached XP level 7. HP: 30/45 MP: 7/7
  3410 | D:5      | Found a staircase to the Ecumenical Temple.
  3441 | Temple   | Entered the Ecumenical Temple
  3452 | Temple   | Became a worshipper of Hepliaklqana the Forgotten
  3607 | D:5      | Reached skill level 5 in Shapeshifting
  3875 | D:5      | Reached XP level 8. HP: 52/52 MP: 8/8
  4192 | D:6      | Found a glowing golden altar of the Shining One.
  4192 | D:6      | Found a basalt altar of Yredelemnul.
  4516 | D:6      | Reached * piety under Hepliaklqana
  4543 | D:6      | HP: 2/48 [orc/+0 whip (4)]
  4545 | D:6      | Slain by an orc

Illustrated notes

Levels and vault maps discovered:
D:1:      eino_arrival_water_star, layout_rooms, amethyst_killhole
D:2:      layout_basic, columned_hall_lemuel, minmay_tetromino_s2
D:3:      layout_basic
D:4:      minmay_angry_zag, layout_layer_cave, uniq_natasha
D:5:      layout_loops_corners, minmay_temple_entry_arrows
D:6:      layout_layer_cave, grunt_temple_overflow_holy_war, due_unseen_surprise
Temple:   hellmonk_temple_flake

Skill      XL: |  1  2  3  4  5  6  7  8 |
---------------+-------------------------+-----
Fighting       | 2 3 4 |  4.0
Shapeshifting  | 4 5 |  5.9
Ranged Weapons | 1 2 3 |  3.0
Dodging        | 3 4 |  4.1
Shields        | 1 2 |  2.8
Unarmed Combat | 4 |  4.9
Evocations     | |  0.8

Action                     |  1- 3 |  4- 6 |  7- 9 || total
---------------------------+-------+-------+-------++-------
  Melee: Unarmed           |    63 |   100 |    93 ||   256
         Tentacles         |    12 |    22 |    31 ||    65
         Constrict         |    14 |    24 |    30 ||    68
         Punch             |     1 |     5 |     8 ||    14
   Fire: Sling             |       |    19 |       ||    19
   Stab: Sleeping          |     8 |     5 |     3 ||    16
 Armour: Skin              |    23 |    34 |    40 ||    97
  Dodge: Dodged            |    27 |    54 |    59 ||   140
  Block: Buckler           |       |     6 |    13 ||    19

Table legend: (Time is in decaauts)
 A = Elapsed time spent in this place.
 B = Non-inter-level travel time spent in this place.
 C = Inter-level travel time spent in this place.
 D = Time resting spent in this place.
 E = Time spent auto-exploring this place.
 F = Levels seen in this place.
 G = Mean time per level.
                   A        B        C        D        E       F      G
               +--------+--------+--------+--------+--------+-----+--------+
         Total |   4534 |   4362 |    172 |    143 |   3376 |   7 |  647.7 |
       Dungeon |   4511 |   4359 |    152 |    143 |   3376 |   6 |  751.8 |
        Temple |     22 |      2 |     20 |      0 |      0 |   1 |   22.0 |
               +--------+--------+--------+--------+--------+-----+--------+

Top non-repeatable levels by time:
     D:5: 1279 daAuts
     D:2: 753 daAuts
     D:4: 743 daAuts
     D:3: 707 daAuts
     D:1: 625 daAuts
     D:6: 401 daAuts
  Temple: 22 daAuts
